 Dungeon Sprint DCSS version 0.30-a0-862-g1aabd4f9c5 (webtiles) character file.

Game seed: 11674090097476860022

118 Demosthentine the Poker (level 4, -8/32 HPs)
             Began as a Demonspawn Gladiator on Mar 9, 2023.
             Was a Follower of Hepliaklqana.
             Mangled by an ogre
             ... wielding a +0 giant spiked club
              (23 damage)
             ... while paralysed by a floating eye
             ... in the Dungeon (Sprint VII: "The Pits").
             The game lasted 00:01:21 (192 turns).

Demosthentine the Poker (Demonspawn Gladiator)       Turns: 192, Time: 00:01:22

Health: -8/32      AC:  3    Str: 16    XL:     4   Next: 72%
Magic:  4/4        EV:  2    Int: 10    God:    Hepliaklqana [*.....]
Gold:   0          SH:  0    Dex: 14    Spells: 3/3 levels left

rFire   . . .      SeeInvis .    o - +2 trident (heavy)
rCold   . . .      Faith    .    (no shield)
rNeg    . . .      Spirit   .    b - +0 leather armour
rPois   .          Reflect  .    (helmet restricted)
rElec   .          Rampage  .    (no cloak)
rCorr   .          NoTele   +    (no gloves)
Will    .....                    (no boots)
Stlth   +                        (no amulet)
HPRegen 0.25/turn                (no ring)
MPRegen 0.18/turn                (no ring)

@: paralysed
A: reduced essence, antennae 1, powered by death 1, magic regeneration
a: Renounce Religion, Recall Ancestor, Ancestor Identity


You were in the Dungeon.
You worshipped Hepliaklqana.
Hepliaklqana was aware of your devotion.
You visited 1 branch

Inventory:

Hand Weapons
 o - a +2 heavy trident (weapon)
Missiles
 d - 3 throwing nets (quivered)
 e - a javelin
Armour
 b - a +0 leather armour (worn)
Scrolls
 k - a scroll of blinking
 m - 5 scrolls of amnesia
 n - a scroll of butterflies
Potions
 a - 2 potions of invisibility
 f - 6 potions of curing
 g - 6 potions of heal wounds
 h - a potion of haste
 i - 4 potions of magic
 j - 3 potions of berserk rage


   Skills:
 + Level 3.6 Fighting
 + Level 6.1 Polearms
 - Level 3.1 Throwing
 + Level 0.0 Armour
 + Level 5.9 Dodging
 + Level 0.0 Invocations


You had 3 spell levels left.
You didn't know any spells.
Your spell library was empty.

Dungeon Overview and Level Annotations

Branches:
Dungeon (1/1)

Altars:
Ashenzari
Cheibriados
Dithmenos
Fedhas
Gozag
Hepliaklqana
Kikubaaqudgha
Makhleb
Nemelex Xobeh
Okawaru
Qazlal
Ru
Sif Muna
Trog
Uskayaw
Vehumet
Wu Jian
Xom
Yredelemnul
Jiyva
Lugonu


Innate Abilities, Weirdness & Mutations

Your life essence is reduced to manifest your ancestor. (-10% HP)
You have a pair of small antennae on your head.
You regenerate a little health from kills.
You regenerate magic rapidly.


Message History

You see here a +0 mace.
You open the door.
There is an open door here.
You open the door.
A kobold comes into view. It is wielding a +0 whip of distortion.
Hepliaklqana forms a fragment of your life essence into the memory of your ancestor, Belessunu!
You can now recall your ancestor.
You can now remember your ancestor's identity.
A rat comes into view.
There is an open door here.
Unknown command.
Unknown command.
The kobold shouts!
A wolf comes into view.
The rat barely misses Belessunu.
A floating eye comes into view.
An ogre comes into view. It is wielding a +0 giant spiked club.
Belessunu barely misses the rat.
There is an open door here.
The rat barely misses Belessunu.
Belessunu hits the rat.
Something closely misses Belessunu.
Something bites Belessunu but does no damage.
Belessunu completely misses the ogre.
Something closely misses Belessunu.
Belessunu hits the ogre.
Something bites Belessunu.
Something bites Belessunu.
The floating eye gazes piercingly through you!
You suddenly lose the ability to move!
The floating eye's stare focuses on you.
Belessunu closely misses the rat.
The floating eye gazes piercingly through you!
You shrug off the repeated paralysis!
The rat bites Belessunu.
The ogre hits you with a +0 giant spiked club!
Ouch! That really hurt!
Belessunu closely misses the rat.
The rat bites Belessunu.
The floating eye's stare focuses on you.
The ogre hits you with a +0 giant spiked club!!
Ouch! That really hurt!
You die...

##########.##.....
#...........'.....
#'#####)#####.....
#.#..#...'.##.....
#.#.†#...#.#####'#
#.#..#####.##.....
#.#..'...#†##.....
#.#..'...'.##.....
#@#..########...<.
#O#..'.)))[##.....
#.#..#.)))[##.....
#R###########.....
#Gr# { {{ ######
#hK.. ##.#.# ...h.
.#.#.#


You could see the friendly Belessunu the ancestor, an ogre, a wolf, a floating
eye (charged), a kobold and a rat (distracted, ally target).

Vanquished Creatures
  A floating eye (D)
  A river rat (D)
  An orc (D)
  A giant cockroach (D)
  A quokka (D)
  A ball python zombie (D)
  3 frilled lizards (D)
9 creatures vanquished.

Notes
Turn   | Place    | Note
-------+----------+-------------------------------------------
     0 | D        | Demosthentine the Demonspawn Gladiator began the quest for
                  | the Orb.
     0 | D        | Reached XP level 1. HP: 16/16 MP: 1/1
     9 | D        | Noticed a floating eye
    12 | D        | Paralysed by a floating eye for 4 turns
    16 | D        | Killed a floating eye
    17 | D        | Reached skill level 5 in Polearms
    17 | D        | Reached skill level 5 in Dodging
    17 | D        | Gained mutation: You regenerate a little health from kills.
                  | [demonic ancestry]
    17 | D        | Reached XP level 2. HP: 24/24 MP: 2/2
    17 | D        | Gained mutation: You have a pair of small antennae on your
                  | head. [demonic ancestry]
    17 | D        | Reached XP level 3. HP: 29/29 MP: 3/3
    17 | D        | Gained mutation: You regenerate magic rapidly. [demonic
                  | ancestry]
    17 | D        | Reached XP level 4. HP: 35/35 MP: 4/4
    46 | D        | Found a basalt altar of Yredelemnul.
    46 | D        | Found a shimmering altar of Xom.
    46 | D        | Found an ornate altar of the Wu Jian Council.
    46 | D        | Found a bloodstained altar of Trog.
    46 | D        | Found a shimmering blue altar of Sif Muna.
    46 | D        | Found a sacrificial altar of Ru.
    46 | D        | Found a stormy altar of Qazlal.
    46 | D        | Found an iron altar of Okawaru.
    46 | D        | Found a sparkling altar of Nemelex Xobeh.
    46 | D        | Found a burning altar of Makhleb.
    46 | D        | Found a viscous altar of Jiyva.
    46 | D        | Found a hazy altar of Hepliaklqana.
    46 | D        | Found an opulent altar of Gozag.
    46 | D        | Found a blossoming altar of Fedhas.
    46 | D        | Found a shadowy altar of Dithmenos.
    46 | D        | Found a snail-covered altar of Cheibriados.
    47 | D        | Found a radiant altar of Vehumet.
    47 | D        | Found a corrupted altar of Lugonu.
    48 | D        | Found an ancient bone altar of Kikubaaqudgha.
    48 | D        | Found a hide-covered altar of Uskayaw.
    48 | D        | Found a broken altar of Ashenzari.
    64 | D        | Became a worshipper of Hepliaklqana the Forgotten
    77 | D        | Reached skill level 6 in Polearms
   177 | D        | Reached * piety under Hepliaklqana
   183 | D        | Noticed a wolf
   183 | D        | Noticed a floating eye
   183 | D        | Noticed an ogre
   189 | D        | Paralysed by a floating eye for 4 turns
   192 | D        | Mangled by an ogre

Illustrated notes

Levels and vault maps discovered:
D:        pitsprint [storerooms_1, entrance_room_1, metal_vault_2, armoury_1,
          mini_pit_1, grid_room_1, main_hall_1, silver_pit, the_coven_3,
          the_vestibule_1, steel_vault_2, golden_pit, hallway_of_sentries,
          crystal_vault_4, iron_vault_3, final_vault]

Skill      XL: |  1  2  3  4 |
---------------+-------------+-----
Fighting       | 3 |  3.6
Polearms       | 5 6 |  6.1
Throwing       | 3 |  3.1
Dodging        | 5 |  5.9

Action                     |  1- 3 |  4- 6 || total
---------------------------+-------+-------++-------
  Melee: Trident           |     3 |    21 ||    24
         Punch             |       |     1 ||     1
   Stab: Sleeping          |       |     1 ||     1
 Armour: Leather armour    |       |     5 ||     5
  Dodge: Dodged            |       |     7 ||     7

Table legend: (Time is in decaauts)
 A = Elapsed time spent in this place.
 B = Non-inter-level travel time spent in this place.
 C = Inter-level travel time spent in this place.
 D = Time resting spent in this place.
 E = Time spent auto-exploring this place.
 F = Levels seen in this place.
 G = Mean time per level.
                   A        B        C        D        E       F      G
               +--------+--------+--------+--------+--------+-----+--------+
         Total |    191 |    191 |      0 |      0 |      0 |   1 |  191.0 |
       Dungeon |    191 |    191 |      0 |      0 |      0 |   1 |  191.0 |
               +--------+--------+--------+--------+--------+-----+--------+

Top non-repeatable levels by time:
       D: 191 daAuts
